 Dungeon Crawl Stone Soup version 0.29-a0-416-g83a48905f1 (webtiles) character file.

Game seed: 5311390485032209210

445 happo123 the Ruffian (level 6, -2/91 HPs)
             Began as a Troll Berserker on May 16, 2022.
             Was a Priest of Trog.
             Slain by an orc
             ... wielding a +0 club
              (4 damage)
             ... on level 4 of the Dungeon.
             The game lasted 00:12:12 (3332 turns).

happo123 the Ruffian (Troll Berserker)              Turns: 3332, Time: 00:12:12

Health: -2/91      AC:  5    Str: 28    XL:     6   Next: 72%
Magic:  5/5        EV: 10    Int:  3    God:    Trog [***...]
Gold:   106        SH:  0    Dex:  9    Spells: 5/5 levels left

rFire   . . .      SeeInvis .     - Unarmed
rCold   . . .      Faith    .   (no shield)
rNeg    . . .      Spirit   .   a - +0 animal skin
rPois   .          Reflect  .   (helmet restricted)
rElec   .          Harm     .   y - +0 cloak {Will+}
rCorr   .          Rampage  .   (gloves unavailable)
Will    +....                   (boots unavailable)
Stlth   ..........              (no amulet)
HPRegen 1.05/turn               (no ring)
MPRegen 0.09/turn               (no ring)

@: berserking (expiring), very quick
A: large, unfitting armour, claws 3, regeneration 1, shaggy fur 1, tough skin 1
a: Renounce Religion, Berserk, Trog's Hand


You were on level 4 of the Dungeon.
You worshipped Trog.
Trog was most pleased with you.
You visited 1 branch of the dungeon, and saw 4 of its levels.
You visited the Abyss 1 time.

You collected 208 gold pieces.
You spent 102 gold pieces at shops.

Inventory:

Hand Weapons
 x - a +3 quarterstaff of chaos
 z - a +1 mace of protection
Armour
 a - a +0 animal skin (worn)
 y - a +0 cloak of willpower (worn)
Jewellery
 t - an amulet of faith
 u - an amulet of magic regeneration
Scrolls
 b - 6 scrolls of identify
 e - 2 scrolls of summoning
 f - a scroll of magic mapping {unknown}
 g - 2 scrolls of silence {unknown}
 j - a scroll of vulnerability {unknown}
 k - 2 scrolls of teleportation {unknown}
 o - a scroll of fear {unknown}
 p - a scroll of blinking {unknown}
 q - 2 scrolls of brand weapon
 r - 2 scrolls of noise
 s - a scroll of acquirement {unknown}
 v - a scroll of enchant weapon {unknown}
 w - a scroll of immolation {unknown}
Potions
 c - a potion of haste {unknown}
 d - 2 potions of invisibility {unknown}
 h - a potion of attraction {unknown}
 i - a potion of heal wounds {unknown}
 l - 2 potions of mutation {unknown}
 m - a potion of berserk rage {unknown}
 n - 2 potions of brilliance {unknown}


   Skills:
 + Level 3.4 Fighting
 + Level 3.6 Dodging
 + Level 0.8 Stealth
 + Level 5.9 Unarmed Combat


You had 5 spell levels left.
You didn't know any spells.
Your spell library was empty.

Dungeon Overview and Level Annotations

Branches:
Dungeon (4/15)
 Temple: D:4-7

Altars:
The Shining One

Shops:
D:2 *   D:3 (


Innate Abilities, Weirdness & Mutations

You are too large for most types of armour.
You have claws for hands.
Your natural rate of healing is unusually fast.
You are covered in fur. (AC +1)
You have tough skin. (AC +1)


Message History

Trog accepts your kill.
The gnoll hits you from afar with a +0 spear.
* * * LOW HITPOINT WARNING * * *
The orc hits you with a +0 club.
* * * LOW HITPOINT WARNING * * *
The orc hits you with a +0 club.
* * * LOW HITPOINT WARNING * * *
You mangle the orc!!
You kill the orc!
Trog accepts your kill. The orc closely misses you. x2
Things that are here:
a +0 vorpal hand axe; a +0 leather armour You feel a strong urge to attack something.
The orc closely misses you.
The gnoll hits you with a +0 flail of protection.
* * * LOW HITPOINT WARNING * * *
The gnoll hits you from afar with a +0 spear.
* * * LOW HITPOINT WARNING * * *
The orc hits you but does no damage.
You scratch the gnoll.
The gnoll is moderately wounded.
You claw the gnoll!
The gnoll is almost dead.
The orc hits you with a +0 club.
* * * LOW HITPOINT WARNING * * *
The gnoll closely misses you. x2; The orc hits you with a +0 club.
* * * LOW HITPOINT WARNING * * *
You scratch the gnoll.
You kill the gnoll!
Trog accepts your kill. The orc barely misses you.
The gnoll hits you with a +0 spear.
* * * LOW HITPOINT WARNING * * *
Items here: ( ))) ††.
You barely miss the gnoll. The gnoll hits you with a +0 spear.
* * * LOW HITPOINT WARNING * * *
The orc hits you with a +0 club.
* * * LOW HITPOINT WARNING * * *
The orc hits you with a +0 club.
You die...

..#..#.##.# #... .##.
........#.# #..## ...
#)#.....#.##...#.
#..#.#..##.#.#..##.#
###..#.#..##.#....#.#
...........#†..##.#
##.##.#..##.##.#[#
#.##...#o......# .#
#.....g@o)..##.# ..
####...##.#.##.# #..
##....###...# ..
##### #### ###


You could see a gnoll and 2 orcs.

Vanquished Creatures
  A sky beast (Abyss:1)
  A black bear (D:3)
  A small abomination (Abyss:1)
  An orc priest (D:4)
  Crazy Yiuf (D:3)
  An orc wizard (D:4)
  Natasha (thrice) (D:2)
  Robin (D:2)
  6 adders
  3 gnolls (D:4)
  6 worms
  A dart slug (D:4)
  2 orcs (D:4)
  5 endoplasms
  4 giant cockroaches
  9 hobgoblins
  9 jackals (D:1)
  3 kobolds
  7 ball pythons
  3 bats
  2 frilled lizards
  13 goblins
  5 rats
88 creatures vanquished.

Vanquished Creatures (others)
  5 fungi (D:3)
5 creatures vanquished.

Grand Total: 93 creatures vanquished

Notes
Turn   | Place    | Note
-------+----------+-------------------------------------------
     0 | D:1      | happo123 the Troll Berserker began the quest for the Orb.
     0 | D:1      | Reached XP level 1. HP: 22/22 MP: 0/0
   194 | D:1      | Reached XP level 2. HP: 29/29 MP: 1/1
   465 | D:1      | Reached ** piety under Trog
  1069 | D:1      | Reached XP level 3. HP: 36/36 MP: 2/2
  1388 | D:2      | Noticed Natasha
  1392 | D:2      | Killed Natasha
  1460 | D:2      | Reached skill level 4 in Unarmed Combat
  1522 | D:2      | Reached XP level 4. HP: 43/44 MP: 3/3
  1526 | D:2      | Noticed Natasha
  1535 | D:2      | Killed Natasha
  1597 | D:2      | Noticed Natasha
  1600 | D:2      | Noticed Robin
  1604 | D:2      | Killed Natasha
  1608 | D:2      | Reached XP level 5. HP: 53/53 MP: 4/4
  1611 | D:2      | Killed Robin
  1817 | D:2      | Found Iffyzyh's Assorted Antiques.
  1822 | D:2      | Bought a scroll labelled TUUHEE RARGHE for 17 gold pieces
  1822 | D:2      | Bought a scroll labelled ROECLE UJELER for 17 gold pieces
  1822 | D:2      | Bought 2 scrolls labelled IKYDUO BODIUDGH for 34 gold
                  | pieces
  1822 | D:2      | Bought a scroll labelled QIC SU GYVE for 17 gold pieces
  2290 | D:2      | Bought a scroll labelled MUIFEXT FOIW for 17 gold pieces
  2344 | D:3      | Noticed a black bear
  2347 | D:3      | Killed a black bear
  2348 | D:3      | Reached skill level 5 in Unarmed Combat
  2351 | D:3      | Found a glowing golden altar of the Shining One.
  2367 | D:3      | Reached XP level 6. HP: 58/61 MP: 5/5
  2612 | D:3      | Found a faded altar of an unknown god.
  2765 | D:3      | Found Plog's Weapon Boutique.
  2955 | D:3      | Found a runed translucent door.
  2956 | D:3      | Noticed Crazy Yiuf
  2966 | D:3      | Killed Crazy Yiuf
  3106 | D:4      | Cast into level 1 of the Abyss (orc)
  3106 | Abyss:1  | Found a corrupted altar of Lugonu.
  3132 | Abyss:1  | Noticed a sky beast
  3138 | Abyss:1  | Found a viscous altar of Jiyva.
  3156 | Abyss:1  | Killed a sky beast
  3213 | D:4      | Escaped the Abyss
  3297 | D:4      | Reached *** piety under Trog
  3332 | D:4      | HP: 2/91 [orc/+0 club (3)]
  3332 | D:4      | Slain by an orc

Illustrated notes

Levels and vault maps discovered:
D:1:      kilobyte_arrival_exit_the_forest, layout_basic
D:2:      layout_basic, serial_shops, shop, minmay_misc_feat_rows,
          chequers_jeans, uniq_natasha, uniq_robin
D:3:      layout_loops_cross, overflow_temple_1_default,
          dreamdust_ecumenical_altar_angels_and_demons, serial_shops,
          nicolae_square_shop, fountainhead, chequers_serial_rivers_large_b,
          chequers_serial_rivers_micro_b, uniq_crazy_yiuf_cottage
D:4:      layout_loops_ring, gammafunk_temple_overflow_elements,
          chequers_temple_overflow_minitemple, serial_shops,
          nicolae_stop_n_shop_2, minmay_vboxes

Skill      XL: |  1  2  3  4  5 |
---------------+----------------+-----
Unarmed Combat | 4 5 |  5.9
Fighting       | 3 |  3.4
Dodging        | 3 |  3.6
Stealth        | |  0.8

Action                   |  1- 3 |  4- 6 || total
-------------------------+-------+-------++-------
Melee: Unarmed           |    84 |   160 ||   244
       Punch             |       |     6 ||     6
Invok: Berserk           |       |     6 ||     6
  Use: Scroll            |       |     2 ||     2
 Stab: Sleeping          |       |     1 ||     1
Armor: Animal skin       |    29 |    78 ||   107
Dodge: Dodged            |    41 |   107 ||   148

Table legend: (Time is in decaauts)
 A = Elapsed time spent in this place.
 B = Non-inter-level travel time spent in this place.
 C = Inter-level travel time spent in this place.
 D = Time resting spent in this place.
 E = Time spent auto-exploring this place.
 F = Levels seen in this place.
 G = Mean time per level.
                   A        B        C        D        E       F      G
               +--------+--------+--------+--------+--------+-----+--------+
         Total |   3380 |   3080 |    300 |      0 |   2448 |   5 |  676.0 |
       Dungeon |   3265 |   2965 |    300 |      0 |   2430 |   4 |  816.2 |
         Abyss |    115 |    115 |      0 |      0 |     18 |   1 |  115.0 |
               +--------+--------+--------+--------+--------+-----+--------+

Top non-repeatable levels by time:
     D:1: 1389 daAuts
     D:2: 931 daAuts
     D:3: 733 daAuts
     D:4: 210 daAuts
 Abyss:1: 115 daAuts
